 Dungeon Crawl Stone Soup version 0.22.0-75-g3901e79 (webtiles) character file.

86424 Larett the Severer (level 15, -3/220 HPs)
             Began as a Minotaur Berserker on Sept 12, 2018.
             Was a High Priest of Trog.
             Slain by a sixfirhy (11 damage)
             ... on level 2 of the Orcish Mines.
             The game lasted 01:14:30 (31754 turns).

Larett the Severer (Minotaur Berserker)            Turns: 31754, Time: 01:14:32

Health: -3/220     AC:  6    Str: 29    XL:     15   Next: 40%
Magic:  4/14       EV: 12    Int:  4    God:    Trog [*****.]
Gold:   941        SH:  0    Dex: 14    Spells: 14/14 levels left

rFire    + . .     SeeInvis .   a - +5 battleaxe (flame)
rCold    . . .     Gourm    +   (shield currently unavailable)
rNeg     + . .     Faith    .   (no armour)
rPois    .         Spirit   .   C - +2 hat
rElec    .         Reflect  .   L - +0 cloak
rCorr    .         Harm     .   m - +0 pair of gloves
MR       +++..                  i - +0 pair of boots
Stlth    ..........             P - amulet of the gourmand
HPRegen  1.46/turn              k - ring of positive energy
MPRegen  0.14/turn              f - ring of protection from fire

@: berserking, regenerating, very quick
A: retaliatory headbutt, horns 2
a: Berserk, Trog's Hand, Brothers in Arms, Renounce Religion


You were on level 2 of the Orcish Mines.
You worshipped Trog.
Trog was extremely pleased with you.
You were very full.

You visited 6 branches of the dungeon, and saw 23 of its levels.
You also visited: Sewer.

You collected 2316 gold pieces.
You spent 1375 gold pieces at shops.

Inventory:

Hand Weapons
 a - a +5 battleaxe of flaming (weapon)
 b - a +6 antimagic battleaxe
 q - a +0 hunting sling of venom
 w - a +2 longbow of flaming
 F - the +10 flail "Igisuz" {flame, rElec Int+3}
   (You found it on level 4 of the Lair of Beasts)

   It has been specially enchanted to burn those struck by it, causing extra
   injury to most foes and up to half again as much damage against particularly
   susceptible opponents.
   It affects your intelligence (+3).
   It insulates you from electricity.
Missiles
 h - 372 arrows
 j - 86 stones (quivered)
 p - 222 sling bullets
 r - 7 javelins of penetration
 G - 33 poisoned needles
 Y - 4 poisoned tomahawks
Armour
 g - the +0 ring mail of Muefedd {rC+ rCorr Str+4}
   (You bought it in a shop on level 2 of the Orcish Mines)

   It affects your strength (+4).
   It protects you from cold.
   It provides partial protection from all sources of acid and corrosion.
 i - a +0 pair of boots (worn)
 m - a +0 pair of gloves (worn)
 y - +0 steam dragon scales
 A - a +3 plate armour of poison resistance
 C - a +2 hat (worn)
 L - a +0 cloak (worn)
 S - a +0 chain mail of fire resistance
Jewellery
 f - a ring of protection from fire (right hand)
 k - a ring of positive energy (left hand)
 l - an uncursed ring of flight
 o - an uncursed ring of poison resistance
 s - an uncursed ring of see invisible
 P - an amulet of the gourmand (around neck)
 U - an uncursed amulet of the acrobat
Wands
 d - a wand of flame (60)
 e - a wand of disintegration (24)
 x - a wand of random effects (23)
 I - a wand of iceblast (10)
 J - a wand of polymorph (27)
 O - a wand of clouds (8)
Scrolls
 n - 3 scrolls of brand weapon
 t - a scroll of silence {!r}
 u - 5 scrolls of fear
 v - 6 scrolls of remove curse
 z - a scroll of holy word
 B - a scroll of blinking
 M - 3 scrolls of magic mapping {!r}
 R - 8 scrolls of identify
 T - 8 scrolls of teleportation
 V - 3 scrolls of immolation {!r}
 W - 2 scrolls of fog
Potions
 D - 2 potions of agility
 E - 3 potions of haste
 H - 2 potions of heal wounds
 K - 2 potions of mutation {!q!q}
 N - 4 potions of resistance
 Q - 4 potions of curing
 Z - 2 potions of flight
Miscellaneous
 X - a phial of floods
Comestibles
 c - 49 rations


   Skills:
 + Level 17.2 Fighting
   Level 11.5 Long Blades
 - Level 20.0 Axes
 * Level 13.8 Armour
 - Level 2.1 Dodging


You had 14 spell levels left.
You didn't know any spells.
Your spell library contained the following spells:

 Spells                   Type           Power        Failure   Level  Hunger
 Animate Skeleton         Necr           N/A          50%         1    ##.....
 Apportation              Tloc           #.....       50%         1    ##.....
 Confusing Touch          Hex            #.....       50%         1    ##.....
 Flame Tongue             Conj/Fire      #....        50%         1    ##.....
 Infusion                 Chrm           #...         50%         1    ##.....
 Magic Dart               Conj           #...         50%         1    ##.....
 Shock                    Conj/Air       #...         50%         1    ##.....
 Summon Small Mammal      Summ           #...         50%         1    ##.....
 Blink                    Tloc           N/A          65%         2    ###....
 Call Imp                 Summ           #.......     65%         2    ###....
 Corpse Rot               Necr           N/A          65%         2    ###....
 Ensorcelled Hibernation  Hex/Ice        #.....       65%         2    ###....
 Searing Ray              Conj           #.....       65%         2    ###....
 Shroud of Golubria       Chrm/Tloc      #.........   65%         2    ###....
 Slow                     Hex            #.......     65%         2    ###....
 Song of Slaying          Chrm           #.......     65%         2    ###....
 Sublimation of Blood     Necr           #.........   65%         2    ###....
 Swiftness                Chrm/Air       #.......     65%         2    ###....
 Throw Flame              Conj/Fire      #.....       65%         2    ###....
 Conjure Flame            Conj/Fire      #.......     86%         3    ####...
 Dazzling Spray           Conj/Hex       #.....       86%         3    ####...
 Ignite Poison            Fire/Tmut/Pois #.......     86%         3    ####...
 Inner Flame              Hex/Fire       #.......     86%         3    ####...
 Mephitic Cloud           Conj/Pois/Air  #.......     86%         3    ####...
 Regeneration             Chrm/Necr      #.........   86%         3    ####...
 Spectral Weapon          Hex/Chrm       #.......     86%         3    ####...
 Static Discharge         Conj/Air       #.......     86%         3    ####...
 Airstrike                Air            #.........   99%         4    #####..
 Force Lance              Conj/Tloc      #.......     99%         4    #####..
 Fulminant Prism          Conj/Hex       #.........   99%         4    #####..
 Iskenderun's Mystic Bla  Conj           #.......     99%         4    #####..
 Sticky Flame             Conj/Fire      #.......     99%         4    #####..
 Agony                    Necr           #.......     100%        5    ######.
 Bolt of Draining         Conj/Necr      #.........   100%        5    ######.
 Borgnjor's Vile Clutch   Necr/Erth      #.........   100%        5    ######.
 Dispel Undead            Necr           #.......     100%        5    ######.
 Excruciating Wounds      Chrm/Necr      #.........   100%        5    ######.
 Fireball                 Conj/Fire      #.........   100%        5    ######.
 Lightning Bolt           Conj/Air       #.........   100%        5    ######.
 Silence                  Hex/Air        #.........   100%        5    ######.
 Bolt of Fire             Conj/Fire      #.........   100%        6    #######
 Darkness                 Hex            #.........   100%        6    #######
 Shadow Creatures         Summ           N/A          100%        6    #######
 Ring of Flames           Chrm/Fire      #.........   100%        7    #######
 Ignition                 Fire           #.........   100%        8    #######
 Shatter                  Erth           #.........   100%        9    #######
 Tornado                  Air            #.........   100%        9    #######


Dungeon Overview and Level Annotations

Branches:
Dungeon (12/15)            Temple (1/1) D:7            Lair (6/6) D:11
  Swamp (0/4) Lair:4        Snake (1/4) Lair:2        Slime (1/5) Lair:6
    Orc (2/2) D:12            Elf (0/3) Orc:2

Altars:
Ashenzari
Fedhas
Gozag
Kikubaaqudgha
Makhleb
Nemelex Xobeh
Ru
Sif Muna
Trog
Beogh

Shops:
D:8 :   Orc:2 ??**


Innate Abilities, Weirdness & Mutations

You reflexively headbutt those who attack you in melee.
You have a pair of horns on your head.


Message History

The sixfirhy barely misses you.
The orc high priest calls upon Beogh to heal the orc warrior.
The orc warrior is healed somewhat.
You hear a shout!
You closely miss the orc warrior. You headbutt the orc warrior!
The orc warrior is severely wounded.
You slash the orc knight! You burn the orc knight. You miss the sixfirhy.
The sixfirhy hits you but does no damage.
The sixfirhy hits you.
* * * LOW HITPOINT WARNING * * *
The sixfirhy shocks you!
* * * LOW HITPOINT WARNING * * *
You slice the orc knight!! You burn the orc knight!
The orc knight is heavily wounded.
You hit the orc knight. You burn the orc knight. You closely miss the sixfirhy.
The sixfirhy completely misses you.
The orc knight roars a battlecry!
The orc priest goes into a battle-frenzy!
The sixfirhy hits you!
You die...

#..###.).###...###(.###...#.####
..###.).##
##.).###(.###..##.#### )###...##
##.).###..##......#.# ###...##
##...###............ ##...#
##...###([......... #.#.#
##.#.###([......>. ...#
##...###.....##.. #.#
##.#.###...#####.. ##
#@..###..(.## ##. # #oo3##
##....# ## # #3oo#####.##..#
#### #oo.###.....#...# ##.##
....###.....##...# #...#
..#.###..........#.. .#.##
....###............... ....###
...###..o..........#.. ...<#.##
##...........#...


You could see 2 orc knights, an orc high priest, a sixfirhy, a smoke demon, 2
orc warriors and an orc priest.

Vanquished Creatures
  Rupert (Orc:2)
  A stone giant (Orc:1)
  Nessos (Lair:6)
  The ghost of VictoriousLee the Severer, a journeyman FoFi of Nemelex Xobeh (D:12)
  Erolcha (D:12)
  6 hydras
  2 catoblepae
  2 two-headed ogres
  20 death yaks
  The ghost of riellis the Cleaver, a novice FoFi (D:6)
  A lindwurm (Lair:6)
  Pikel (D:7)
  3 orc knights
  2 orc sorcerers
  A manticore (D:11)
  A wolf spider (Lair:6)
  16 elephants
  A cyclops (Orc:1)
  10 black mambas
  Joseph (D:7)
  Maurice (D:8)
  A guardian serpent (Lair:6)
  A torpor snail (Lair:5)
  21 spiny frogs
  An orange demon (Orc:2)
  A gargoyle (D:6)
  A kobold demonologist (D:12)
  5 komodo dragons
  A freezing wraith (D:12)
  An ice devil (Orc:2)
  2 trolls (Orc:1)
  A polar bear (Lair:4)
  17 blink frogs
  4 hornets
  7 hippogriffs
  2 bog bodies (Lair:4)
  10 dream sheep
  2 shadows (D:12)
  A water elemental (D:11)
  4 redbacks
  3 humans (D:11)
  47 yaks
  13 wyverns
  4 wraiths (D:12)
  3 basilisks
  A chaos spawn (Orc:2)
  A steam dragon (D:11)
  2 hungry ghosts
  Menkaure (D:7)
  3 vampire mosquitoes (D:12)
  3 swamp worms (Lair:4)
  2 wargs (Orc:2)
  27 water moccasins
  3 ice beasts
  8 porcupines
  Purgy (Sewer)
  3 sky beasts
  35 orc warriors
  A hornet zombie (D:12)
  2 necrophages
  15 ogres
  2 phantoms
  3 black bears
  15 wolves
  8 centaurs
  12 crocodiles
  7 big kobolds
  A wyvern zombie (D:6)
  25 bullfrogs
  8 scorpions
  4 killer bees (D:9)
  5 howler monkeys
  5 wights (D:11)
  3 electric eels
  3 crimson imps
  3 bullfrog zombies
  5 centaur zombies
  5 hounds
  4 jellies
  20 orc priests
  19 orc wizards
  3 centaur skeletons
  2 bullfrog skeletons
  4 iguanas
  5 worker ants
  2 hound skeletons
  A worker ant zombie (D:9)
  A howler monkey skeleton (D:8)
  16 adders
  3 shadow imps
  11 oozes
  3 adder skeletons
  An adder zombie (D:9)
  3 worms
  3 dart slugs
  5 leopard geckos
  84 orcs
  4 giant cockroaches
  4 goblins
  5 hobgoblins
  9 jackals
  4 quokkas
  7 ball pythons
  20 bats
  3 frilled lizards
  A jackal zombie (D:6)
  31 kobolds
  2 leopard gecko skeletons
  A quokka zombie (D:5)
  5 rats
  8 fungi
  5 plants
748 creatures vanquished.

Vanquished Creatures (others)
  A black mamba (Lair:6)
  2 dream sheep (Lair:6)
  A human (D:11)
  3 slaves (D:7)
  2 scorpions (D:7)
  A water moccasin skeleton (D:7)
  A jelly (D:7)
  An adder (D:7)
  A shadow imp (D:7)
  A leopard gecko (D:7)
  An orc (D:7)
  26 fungi
  29 plants
70 creatures vanquished.

Grand Total: 818 creatures vanquished

Notes
Turn   | Place    | Note
-------+----------+-------------------------------------------
     0 | D:1      | Larett the Minotaur Berserker began the quest for the Orb.
     0 | D:1      | Reached XP level 1. HP: 19/19 MP: 0/0
   282 | D:1      | Reached XP level 2. HP: 27/27 MP: 1/1
   360 | D:1      | Reached skill level 4 in Axes
   847 | D:2      | Reached XP level 3. HP: 33/34 MP: 2/2
  1116 | D:2      | Reached ** piety under Trog
  1747 | D:3      | Reached XP level 4. HP: 42/42 MP: 3/3
  1873 | D:3      | Found a sparkling altar of Nemelex Xobeh.
  2687 | D:4      | Noticed an ogre
  2695 | D:4      | Killed an ogre
  2695 | D:4      | Reached skill level 6 in Fighting
  2695 | D:4      | Reached skill level 5 in Axes
  2695 | D:4      | Reached XP level 5. HP: 36/51 MP: 4/4
  3154 | D:5      | Entered Level 5 of the Dungeon
  3216 | D:5      | Reached XP level 6. HP: 60/60 MP: 5/5
  3393 | D:5      | HP: 7/60 [centaur (5)]
  3398 | D:5      | HP: 9/61 [centaur (4)]
  3400 | D:5      | Reached skill level 6 in Axes
  3865 | D:5      | Reached XP level 7. HP: 58/69 MP: 6/6
  3968 | D:5      | Reached *** piety under Trog
  4182 | D:5      | Reached skill level 9 in Fighting
  4371 | D:5      | Reached skill level 7 in Axes
  4757 | D:6      | Noticed riellis's ghost (novice FoFi)
  4757 | D:6      | Noticed a gargoyle
  4764 | D:6      | Found a runed gate.
  4764 | D:6      | Found a runed gate.
  4764 | D:6      | Found a runed gate.
  4774 | D:6      | Reached XP level 8. HP: 38/79 MP: 7/7
  4857 | D:6      | Found a burning altar of Makhleb.
  4971 | D:6      | Reached skill level 8 in Axes
  4991 | D:6      | HP: 12/81 [something (6)]
  5346 | D:6      | Found a glowing drain.
  5361 | Sewer    | Entered a sewer
  5604 | Sewer    | Noticed Purgy
  5619 | Sewer    | Killed Purgy
  6012 | D:6      | Found an opulent altar of Gozag.
  6239 | D:6      | Killed a gargoyle
  6239 | D:6      | Reached skill level 12 in Fighting
  6239 | D:6      | Reached skill level 9 in Axes
  6239 | D:6      | Reached XP level 9. HP: 90/90 MP: 8/8
  6242 | D:6      | Killed riellis's ghost
  6355 | D:7      | Noticed Pikel
  6362 | D:7      | Killed Pikel
  6362 | D:7      | Reached skill level 10 in Axes
  7053 | D:7      | Found a deep blue altar of Sif Muna.
  7083 | D:7      | Noticed Menkaure
  7091 | D:7      | Killed Menkaure
  7091 | D:7      | Reached XP level 10. HP: 84/102 MP: 9/9
  7227 | D:7      | Noticed Joseph
  7246 | D:7      | Killed Joseph
  7465 | D:7      | Found a staircase to the Ecumenical Temple.
  7508 | Temple   | Entered the Ecumenical Temple
  7703 | D:7      | Identified Sif Muna's Catalogue of Enhancements
  7951 | D:8      | Reached **** piety under Trog
  8025 | D:8      | Noticed Maurice
  8162 | D:8      | Reached skill level 11 in Axes
  8172 | D:8      | Killed Maurice
  8462 | D:8      | Got a crude long sword
  8463 | D:8      | Identified the +6 long sword of Quykef {slice, Fragile
                  | rPois Str+2 Stlth+} (You found it on level 8 of the
                  | Dungeon)
  8707 | D:8      | Found Tuce Dit's Book Shop.
  9078 | D:9      | Reached skill level 1 in Long Blades
  9108 | D:9      | Found a bloodstained altar of Trog.
  9214 | D:9      | Reached skill level 3 in Long Blades
  9304 | D:9      | Found an ancient bone altar of Kikubaaqudgha.
  9306 | D:9      | Found a blossoming altar of Fedhas.
  9353 | D:9      | Found a shattered altar of Ashenzari.
  9353 | D:9      | Found a sacrificial altar of Ru.
  9990 | D:9      | Reached ***** piety under Trog
 10050 | D:10     | Entered Level 10 of the Dungeon
 10542 | D:10     | Reached skill level 12 in Axes
 10547 | D:10     | Reached skill level 6 in Long Blades
 10675 | D:10     | Reached XP level 11. HP: 101/111 MP: 10/10
 11802 | D:11     | Found a staircase to the Lair.
 11975 | D:11     | Received a gift from Trog
 12039 | D:11     | Reached skill level 9 in Long Blades
 12144 | D:11     | Noticed a three-headed hydra
 12147 | D:11     | Killed a one-headed hydra
 12405 | D:11     | Noticed a death yak
 12405 | D:11     | Noticed a death yak
 12405 | D:11     | Noticed a death yak
 12405 | D:11     | Noticed a death yak
 12405 | D:11     | Noticed a death yak
 12405 | D:11     | Noticed a death yak
 12406 | D:11     | Noticed a death yak
 12452 | D:11     | Reached skill level 13 in Axes
 12815 | Lair:1   | Entered Level 1 of the Lair of Beasts
 13435 | Lair:1   | Reached XP level 12. HP: 101/118 MP: 11/11
 13686 | Lair:1   | Reached skill level 14 in Axes
 14348 | Lair:2   | Noticed a catoblepas
 14361 | Lair:2   | HP: 15/118 [catoblepas (6)]
 14365 | Lair:2   | Killed a catoblepas
 14804 | Lair:2   | Noticed a six-headed hydra
 14819 | Lair:2   | Killed a two-headed hydra
 15002 | Lair:2   | Reached skill level 15 in Axes
 15005 | Lair:2   | HP: 16/118 [basilisk (6)]
 15792 | Lair:2   | Found a staircase to the Snake Pit.
 15812 | Snake:1  | Entered Level 1 of the Snake Pit
 16058 | Lair:2   | Noticed a six-headed hydra
 16064 | Lair:2   | Killed a two-headed hydra
 16064 | Lair:2   | Reached skill level 16 in Axes
 17062 | Lair:3   | Noticed an eight-headed hydra
 17239 | Lair:3   | Killed a five-headed hydra
 17240 | Lair:3   | Received a gift from Trog
 17240 | Lair:3   | Reached skill level 17 in Axes
 17645 | Lair:3   | Reached XP level 13. HP: 56/125 MP: 12/12
 17999 | Lair:3   | HP: 13/125 [death yak (16)]
 18000 | Lair:3   | Reached skill level 18 in Axes
 19386 | Lair:4   | Got an iridescent flail
 19387 | Lair:4   | Identified the +10 flail "Igisuz" {flame, rElec Int+3} (You
                  | found it on level 4 of the Lair of Beasts)
 19972 | Lair:4   | Found a staircase to the Swamp.
 20594 | Lair:5   | Reached skill level 19 in Axes
 21602 | Lair:5   | You fall through a shaft!
 21602 | Lair:6   | Entered Level 6 of the Lair of Beasts
 21895 | Lair:5   | Reached skill level 20 in Axes
 22053 | Lair:5   | Reached skill level 3 in Armour
 22156 | Lair:5   | Reached skill level 15 in Fighting
 22709 | Lair:5   | Reached XP level 14. HP: 95/135 MP: 13/13
 23076 | Lair:5   | Reached skill level 6 in Armour
 23264 | Lair:6   | Received a gift from Trog
 24116 | Lair:6   | Noticed Nessos
 24123 | Lair:6   | Killed Nessos
 24157 | Lair:6   | Reached skill level 9 in Armour
 24424 | Lair:6   | Found a staircase to the Slime Pits.
 24466 | Slime:1  | Entered Level 1 of the Pits of Slime
 25692 | D:11     | Received a gift from Trog
 27238 | D:12     | Noticed Erolcha
 27245 | D:12     | Killed Erolcha
 27729 | D:12     | Reached skill level 12 in Armour
 27744 | D:12     | Found a staircase to the Orcish Mines.
 27765 | Orc:1    | Entered Level 1 of the Orcish Mines
 27945 | Orc:1    | Found a burning altar of Makhleb.
 28146 | D:12     | Reached XP level 15. HP: 141/145 MP: 14/14
 28152 | D:12     | Found a runed gate.
 28152 | D:12     | Found a runed gate.
 28154 | D:12     | Found a runed gate.
 28157 | D:12     | Got an ichor-stained leather armour
 28168 | D:12     | Identified the cursed +0 leather armour of Liseawab {+Blink
                  | +Inv Str+3 Dex-5} (You found it on level 12 of the Dungeon)
 28353 | D:12     | Noticed VictoriousLee's ghost (journeyman FoFi)
 28370 | D:12     | Killed VictoriousLee's ghost
 28587 | D:12     | Received a gift from Trog
 29678 | Orc:1    | Received a gift from Trog
 30324 | Orc:1    | Found a roughly hewn altar of Beogh.
 30380 | Orc:2    | Entered Level 2 of the Orcish Mines
 30547 | Orc:2    | Noticed Rupert
 30561 | Orc:2    | Killed Rupert
 30861 | Orc:2    | Found Duemn's Assorted Antiques.
 30870 | Orc:2    | Bought a polished ring mail for 225 gold pieces
 30884 | Orc:2    | Identified the cursed +0 ring mail of Muefedd {rC+ rCorr
                  | Str+4} (You bought it in a shop on level 2 of the Orcish
                  | Mines)
 30914 | Orc:2    | Found a staircase to the Elven Halls.
 30955 | Orc:2    | Found Kuiduokk's Assorted Antiques.
 30963 | Orc:2    | Bought a runed plate armour for 910 gold pieces
 31029 | Orc:2    | Found Yliytt's Magic Scroll Boutique.
 31035 | Orc:2    | Found Lojap's Magic Scroll Shop.
 31360 | Orc:2    | HP: 22/147 [orc/trident (6)]
 31378 | Orc:2    | Bought a scroll of silence for 120 gold pieces
 31378 | Orc:2    | Bought a scroll of holy word for 120 gold pieces
 31742 | Orc:2    | Paralysed by an orc sorcerer for 2 turns
 31752 | Orc:2    | HP: 21/220 [orc knight/war axe (30)]
 31753 | Orc:2    | HP: 7/220 [sixfirhy (10)]
 31754 | Orc:2    | Slain by a sixfirhy

Skill      XL: |  1  2  3  4  5  6  7  8  9 10 11 12 13 14 15 |
---------------+----------------------------------------------+-----
Fighting       | 4 5 6 7 8 9 12 13 14 15 16 17 | 17.2
Axes           | 4 5 6 7 9 10 12 13 17 20 | 20.0
Long Blades    | 6 11 | 11.5
Armour         | 5 12 13 | 13.8
Dodging        | |  2.1

Action                   |  1- 3 |  4- 6 |  7- 9 | 10-12 | 13-15 || total
-------------------------+-------+-------+-------+-------+-------++-------
Melee: Hand axe          |     5 |    66 |   237 |    93 |       ||   401
       Headbutt          |     3 |    16 |    52 |   127 |   178 ||   376
       Executioner's axe |       |       |     3 |     1 |       ||     4
       Long sword        |       |       |       |   227 |       ||   227
       Battleaxe         |       |       |       |   251 |   664 ||   915
       Flail             |       |       |       |       |   120 ||   120
 Fire: Hunting sling     |   111 |    58 |    20 |       |       ||   189
Invok: Trog's Hand       |       |     1 |     4 |     3 |     6 ||    14
       Berserk           |       |       |     3 |     1 |     3 ||     7
Evoke: Wand              |       |       |       |       |     1 ||     1
  Use: Scroll            |    10 |     3 |     2 |    11 |     5 ||    31
       Potion            |       |     2 |     4 |     4 |     6 ||    16
 Stab: Sleeping          |       |       |       |     2 |       ||     2
       Distracted        |       |       |       |     2 |       ||     2
  Eat: Chunk             |     2 |    14 |    18 |    39 |    56 ||   129
Armor: Ring mail         |    25 |    25 |    96 |     2 |     1 ||   149
       Animal skin       |     1 |       |       |       |       ||     1
       Leather armour    |       |       |       |    92 |       ||    92
       Steam dragon scal |       |       |       |    87 |   178 ||   265
       Skin              |       |       |       |       |    10 ||    10
       Scale mail        |       |       |       |       |    34 ||    34
       Plate armour      |       |       |       |       |     9 ||     9
Dodge: Dodged            |    36 |    45 |   130 |   309 |   322 ||   842
Block: Buckler           |    14 |    18 |     6 |    85 |       ||   123
       Rpst.: Long sword |       |       |       |    26 |       ||    26
